Cogmind - Beta 15 @@@ ROGUE MODE // 2025.08.19 @ 17:17:20 Player: beans Result: Destroyed by G-47 Trooper with Particle Gun Performance ------------- Evolutions (2) 1000 Regions Visited (5) 1000 Robots Destroyed (25) 125 Value Destroyed (594) 594 Prototype IDs (25) 500 Alien Tech Used (0) 0 Bonus (300) 300 TOTAL SCORE: 3519 Bonus ------- Aligned with FarCom 300 Cogmind --------- Core Integrity 0/550 Matter 109/300 Energy 45/100 System Corruption 0% Temperature Cool (55) Movement Core (100) Ox1 Location -8/Materials Parts ------- > --- POWER (2) -------- (None) > --- PROPULSION (3) --- (None) > --- UTILITY (3) ------ Visual Processing Unit Improved Signal Interpreter > --- WEAPON (3) ------- Flak Cannon > --- INVENTORY (5) ---- Beam Rifle Heavy Particle Cannon Grenade Launcher Peak State ------------ > --- POWER ------------ Heavy Ion Engine > --- PROPULSION ------- Improved Flight Unit Improved Flight Unit > --- UTILITY ---------- Medium Battery Visual Processing Unit Improved Signal Interpreter > --- WEAPON ----------- Heavy EM Pulse Gun > --- INVENTORY -------- Aluminum Leg Heavy EM Pulse Gun Small Laser Grenade Launcher [Rating: 17] Favorites ----------- Power Ion Engine Engine Ion Engine Propulsion Improved Flight Unit Leg Aluminum Leg Flight Unit Improved Flight Unit Utility Medium Battery Storage Medium Battery Processor Improved Signal Interpreter Weapon Heavy EM Pulse Gun Energy Gun Heavy EM Pulse Gun Energy Cannon Heavy Particle Cannon Ballistic Cannon Flak Cannon Launcher Grenade Launcher Build | -11 -10 -10 -10 -9 -8 ------- Run | Yrd Mat Min Exi Min Mat Slots Evolved 4 | . . . . . 4 Power 1 | . . . . . 1 Propulsion 1 | . . . . . 1 Utility 1 | . . . . . 1 Weapon 1 | . . . . . 1 Parts Attached 21 | 6 3 1 . . 11 Power 3 | 1 . . . . 2 Engine 3 | 1 . . . . 2 Core . | . . . . . . Reactor . | . . . . . . Propulsion 4 | 2 2 . . . . Treads . | . . . . . . Leg 2 | 2 . . . . . Wheel . | . . . . . . Hover . | . . . . . . Flight 2 | . 2 . . . . Utility 4 | 1 . 1 . . 2 Device . | . . . . . . Storage 2 | 1 . 1 . . . Processor 2 | . . . . . 2 Hackware . | . . . . . . Protection . | . . . . . . Artifact . | . . . . . . Weapon 10 | 2 1 . . . 7 Energy Gun 5 | 2 1 . . . 2 Energy Cannon 1 | . . . . . 1 Ballistic Gun . | . . . . . . Ballistic Cannon 3 | . . . . . 3 Launcher 1 | . . . . . 1 Special Weapon . | . . . . . . Impact Weapon . | . . . . . . Slashing Weapon . | . . . . . . Piercing Weapon . | . . . . . . Special Melee Weapon . | . . . . . . Unidentified Prototypes 2 | . 1 . . . 1 Parts Lost 6 | . . . . . 6 Power 1 | . . . . . 1 Propulsion 2 | . . . . . 2 Utility 1 | . . . . . 1 Weapon 2 | . . . . . 2 Highest Loss Streak 6 | . . . . . 6 To Critical Strikes . | . . . . . . Average Backups 3 | . 2 4 4 4 4 Power . | . . . . . . Propulsion . | . . 1 1 1 . Utility . | . . . . . . Weapon 2 | . 1 3 3 3 3 Tool/Special . | . . . . . . Unused Backups 1 | 1 . . . . . Power . | . . . . . . Propulsion 1 | 1 . . . . . Utility . | . . . . . . Weapon . | . . . . . . Tool/Special . | . . . . . . Average Slot Usage (%) 63 | . 63 68 71 71 58 Engine 11 | . 14 14 14 14 8 Leg 1 | . 10 . . . . Flight 21 | . 17 28 28 28 17 Storage 9 | . 5 11 14 14 8 Processor 7 | . . . . . 17 Energy Gun 10 | . 15 14 14 14 6 Peak Build Rating 17 | 6 9 10 10 10 17 Average Rating 11 | 4 7 9 10 10 15 On Entrance 7 | . 6 9 10 10 10 Naked Turns . | . . . . . . Heaviest Build 12 | 12 12 10 10 10 10 Greatest Support 20 | 20 20 10 10 10 10 Greatest Overweight (x) 1 | . 1 . . . 1 Average Overweight (x) . | . . . . . . Largest Inventory Capacity 8 | 8 8 5 5 5 5 Average Capacity 5 | 6 5 5 5 5 5 Most Carried 5 | 2 4 5 4 4 5 Average Carried 3 | . 2 4 4 4 4 Final Capacity 8 | 8 5 5 5 5 5 Final Carried 4 | . 4 4 4 4 3 Class Distribution -------------------- 100% | Mutant Dominant Class ---------------- Mutant | -10/Materials Mutant | -10/Mines Mutant | -10/Exiles Mutant | -9/Mines Mutant | -8/Materials Resources | -11 -10 -10 -10 -9 -8 ----------- Run | Yrd Mat Min Exi Min Mat Matter Collected 399 | 260 40 . . . 99 Remotely . | . . . . . . Salvage Created 687 | 87 113 . . . 487 Parts 41 | 2 5 . . . 34 Haulers Intercepted 1 | . . . . . 1 Recyclers Shooed 1 | . . . . . 1 Parts Field Recycled . | . . . . . . Retrieved Matter . | . . . . . . Parts Self-Destructed . | . . . . . . Prevented . | . . . . . . Kills | -11 -10 -10 -10 -9 -8 ------- Run | Yrd Mat Min Exi Min Mat Combat Hostiles Destroyed 13 | . . . . . 13 Cannons 4 | . . . . . 4 AOE 9 | . . . . . 9 Classes Destroyed 12 | 1 1 . . . 10 Worker 3 | . 1 . . . 2 Builder 1 | . . . . . 1 Tunneler 1 | . . . . . 1 Hauler 1 | . . . . . 1 Recycler 3 | 1 1 . . . 1 Mechanic 1 | . . . . . 1 Operator 1 | . . . . . 1 Watcher 1 | . . . . . 1 Swarmer 4 | . . . . . 4 Grunt 5 | . . . . . 5 Duelist 1 | . . . . . 1 Sentry 3 | . . . . . 3 Best Kill Streak 18 | 1 2 . . . 18 Combat Bots Only 8 | . . . . . 8 Max Kills in Single Turn 3 | 1 1 . . . 3 Gunslinging . | . . . . . . Exploded 2 | . . . . . 2 Melee . | . . . . . . Uniques/NPCs Destroyed . | . . . . . . Combat | -11 -10 -10 -10 -9 -8 -------- Run | Yrd Mat Min Exi Min Mat Hostile Shots Fired 117 | . . . . . 117 Missed 46 | . . . . . 46 Hits 71 | . . . . . 71 Melee 3 | . . . . . 3 Projectile 68 | . . . . . 68 Critical Strikes 4 | . . . . . 4 Damage Taken 1078 | . . . . . 1078 Core 564 | . . . . . 564 Absorbed by Shields . | . . . . . . Core Remaining (%) 100 | 100 . . . 100 . Volleys Fired 46 | 5 11 . . 1 29 Largest 2 | 2 1 . . 1 2 Hottest 80 | 80 45 . . 45 75 Shots Fired 53 | 10 11 . . 1 31 Gun 33 | 10 11 . . 1 11 Cannon 7 | . . . . . 7 Launcher 13 | . . . . . 13 Special . | . . . . . . Kinetic 5 | . . . . . 5 Thermal 16 | 10 . . . . 6 Explosive 13 | . . . . . 13 Electromagnetic 19 | . 11 . . 1 7 Robot Hit Streak 8 | 6 8 . . 1 7 Robot Miss Streak 2 | 1 2 . . . 2 Penetration Max . | . . . . . . Secondary Targets . | . . . . . . Shots Hit Robots 29 | 9 3 . . 1 16 Core Hits 61 | 2 2 . . . 57 Critical Kills . | . . . . . . Critical Parts Destroyed . | . . . . . . Critical Strikes . | . . . . . . Melee Attacks . | . . . . . . Impact . | . . . . . . Slashing . | . . . . . . Piercing . | . . . . . . Sneak Attacks . | . . . . . . Combat Hostiles . | . . . . . . Follow-up Attacks . | . . . . . . Damage Inflicted 1641 | 99 103 . . 15 1424 Guns 269 | 99 59 . . 15 96 Cannons 185 | . . . . . 185 Explosions 1187 | . 44 . . . 1143 Melee . | . . . . . . Ramming . | . . . . . . Kinetic 135 | . . . . . 135 Thermal 283 | 99 44 . . . 140 Explosive 1109 | . . . . . 1109 Electromagnetic 114 | . 59 . . 15 40 Impact . | . . . . . . Slashing . | . . . . . . Piercing . | . . . . . . Highest Corruption . | . . . . . . Average Corruption . | . . . . . . Corruption Purged . | . . . . . . Corruption Blocked . | . . . . . . Overload Shots . | . . . . . . Overflow Damage 4 | . 4 . . . . Projectiles . | . . . . . . Explosions 4 | . 4 . . . . Melee . | . . . . . . Knockbacks 4 | . . . . . 4 Impact . | . . . . . . Kinetic 4 | . . . . . 4 Secondary . | . . . . . . Self-Inflicted Damage 16 | . . . . . 16 Shots 1 | . . . . . 1 Rammed . | . . . . . . Targets Rammed . | . . . . . . Kicked . | . . . . . . Crushed . | . . . . . . Highest Temperature 85 | 72 52 . . 10 85 Average Temperature 24 | 36 21 . . 8 22 Received Heat Transfer 495 | . . . . . 495 Siege Activations . | . . . . . . Martial Activations . | . . . . . . Shielding Activations . | . . . . . . Robots Disrupted . | . . . . . . Combat Hostiles . | . . . . . . Robots Corrupted . | . . . . . . Combat Hostiles . | . . . . . . Parts Fried . | . . . . . . Impact Corruptions . | . . . . . . Robots Melted . | . . . . . . Combat Hostiles . | . . . . . . Parts Melted . | . . . . . . Heat Transferred 547 | 225 50 . . . 272 Parts Sabotaged . | . . . . . . Parts Stolen . | . . . . . . Parts Stripped . | . . . . . . Power Chain Reactions 1 | . . . . . 1 Alert | -11 -10 -10 -10 -9 -8 ------- Run | Yrd Mat Min Exi Min Mat Maximum Alert Level 1 | . . . . . 1 Low Security (%) 93 | 100 100 100 . 100 86 Level 1 6 | . . . . . 13 Level 2 . | . . . . . . Level 3 . | . . . . . . Level 4 . | . . . . . . Level 5 . | . . . . . . High Security . | . . . . . . Max Security . | . . . . . . Peak Influence 340 | 5 50 19 . . 340 Initial 19 | . . 19 . . . Average 30 | . 10 5 . . 56 Influence Increases 545 | 5 60 . . . 480 Destroy 0b10 Robot/C 260 | . . . . . 260 Destroy 0b10 Robot/NC 60 | 5 10 . . . 45 Destroy Leader 64 | . . . . . 64 Disable Machine 60 | . 30 . . . 30 Destroy Structure 56 | . 20 . . . 36 Lose Combat Pursuer 45 | . . . . . 45 Influence Decreases 215 | 5 10 50 . . 150 Entered New Map 31 | . . 31 . . . Time Decay 124 | 5 10 19 . . 90 Lost Part 60 | . . . . . 60 Squads Dispatched 4 | . 1 . . . 3 Investigation . | . . . . . . Extermination . | . . . . . . Reinforcement 3 | . 1 . . . 2 Assault . | . . . . . . Garrison 1 | . . . . . 1 Intercept . | . . . . . . Searches Triggered . | . . . . . . Construction Impeded 1 | . . . . . 1 Haulers Reinforced . | . . . . . . Active Scanning Responses . | . . . . . . Cargo Convoy Interrupts . | . . . . . . Stealth | -11 -10 -10 -10 -9 -8 --------- Run | Yrd Mat Min Exi Min Mat Distress Signals 4 | . . . . . 4 Communications Jammed . | . . . . . . Distress Signals . | . . . . . . Times Spotted 33 | . 4 . . 2 27 Peak Tracking Total 12 | . 1 . . 2 12 Tactical Retreats 1 | . . . . . 1 Traps | -11 -10 -10 -10 -9 -8 ------- Run | Yrd Mat Min Exi Min Mat Traps Triggered . | . . . . . . Indirectly . | . . . . . . Trap Hack Attempts . | . . . . . . Triggered . | . . . . . . Disarmed . | . . . . . . Reprogrammed . | . . . . . . Reused . | . . . . . . Traps Extracted . | . . . . . . Installed . | . . . . . . Triggered . | . . . . . . Machines | -11 -10 -10 -10 -9 -8 ---------- Run | Yrd Mat Min Exi Min Mat Machines Disabled 4 | . 2 . . . 2 Max in Single Turn 2 | . 2 . . . 1 Machines Repaired . | . . . . . . Machines Dismantled . | . . . . . . Machines Sabotaged . | . . . . . . Overloaded Fab Kills . | . . . . . . Hacking | -11 -10 -10 -10 -9 -8 --------- Run | Yrd Mat Min Exi Min Mat Machines Accessed 1 | . . . 1 . . Terminals . | . . . . . . Fabricators . | . . . . . . Repair Stations . | . . . . . . Recycling Units . | . . . . . . Scanalyzers . | . . . . . . Garrison Access . | . . . . . . Total Hacks 1 | . . . 1 . . Successful 1 | . . . 1 . . Failed . | . . . . . . Catastrophic . | . . . . . . Database Lockouts . | . . . . . . Manual 1 | . . . 1 . . Terminals . | . . . . . . Fabricators . | . . . . . . Repair Stations . | . . . . . . Recycling Units . | . . . . . . Scanalyzers . | . . . . . . Garrison Access . | . . . . . . Terminal Hacks 1 | . . . 1 . . Proto ID Catalog 1 | . . . 1 . . Fabricator Hacks . | . . . . . . Repair Station Hacks . | . . . . . . Recycling Unit Hacks . | . . . . . . Scanalyzer . | . . . . . . Garrison Access Hacks . | . . . . . . Unauthorized Hacks . | . . . . . . Terminals . | . . . . . . Fabricators . | . . . . . . Repair Stations . | . . . . . . Recycling Units . | . . . . . . Scanalyzers . | . . . . . . Garrison Access . | . . . . . . Data Cores Recovered . | . . . . . . Used . | . . . . . . Hacking Detections . | . . . . . . Full Trace Events . | . . . . . . Feedback Events . | . . . . . . Feedback Blocked . | . . . . . . Robot Schematics Acquired . | . . . . . . Robots Built . | . . . . . . Authchips . | . . . . . . Time . | . . . . . . Total Robot Build Rating . | . . . . . . Part Schematics Acquired . | . . . . . . Parts Built . | . . . . . . Authchips . | . . . . . . Time . | . . . . . . Total Part Build Rating . | . . . . . . Parts Repaired . | . . . . . . Time . | . . . . . . Parts Recycled . | . . . . . . Recycled Matter . | . . . . . . Retrieved Matter . | . . . . . . Retrieved Components . | . . . . . . Parts Scanalyzed . | . . . . . . Part Schematics Acquired . | . . . . . . Parts Damaged . | . . . . . . Bothacking | -11 -10 -10 -10 -9 -8 ------------ Run | Yrd Mat Min Exi Min Mat Used RIF Installer . | . . . . . . Robots Hacked . | . . . . . . Non-combat . | . . . . . . Combat . | . . . . . . Robot Hacks Applied . | . . . . . . Relay Couplers Released . | . . . . . . Fabnet Peak Effective % . | . . . . . . Robots Rewired . | . . . . . . Allies Hacked . | . . . . . . Hacks Repelled . | . . . . . . Allies | -11 -10 -10 -10 -9 -8 -------- Run | Yrd Mat Min Exi Min Mat Total Allies 2 | . . 2 . . . Largest Group 2 | . . 2 2 . . Highest-Rated Group 63 | . . 63 63 . . Highest-Rated Ally 32 | . . 32 32 . . Total Orders . | . . . . . . Ally Attacks . | . . . . . . Total Damage . | . . . . . . Kills . | . . . . . . Allies Corrupted . | . . . . . . Allies Melted . | . . . . . . Intel | -11 -10 -10 -10 -9 -8 ------- Run | Yrd Mat Min Exi Min Mat Active Infowar (turns) 275 | . . . . . 275 Optics 275 | . . . . . 275 Robot Analysis Total . | . . . . . . Derelict Logs Recovered 2 | . . 2 . . . Drone Launches . | . . . . . . Drone Recoveries . | . . . . . . Exploration | -11 -10 -10 -10 -9 -8 ------------- Run | Yrd Mat Min Exi Min Mat Turns Passed 678 | 76 99 94 105 17 287 Spaces Moved 936 | 44 127 80 213 39 433 Core 9 | 6 . . . . 3 Treads . | . . . . . . Legs 57 | 38 19 . . . . Wheels . | . . . . . . Hover . | . . . . . . Flight 870 | . 108 80 213 39 430 Fastest Speed 37 | 50 37 37 37 37 37 Average Speed 42 | 110 49 37 37 37 37 Slowest Speed 120 | 120 120 37 37 37 110 Overloaded Moves . | . . . . . . Propulsion Burnouts . | . . . . . . Robots Hopped . | . . . . . . Potential Cave-ins . | . . . . . . Cave-ins Triggered . | . . . . . . Exploration Rate (%) 28 | 4 28 25 61 22 30 Regions Visited 5 Branch Regions 3 Pre-discovered Areas 1 | . . 1 . . . Known Exits Taken . | . . . . . . Unknown Exits Taken 5 | 1 1 1 1 1 . Scrap Searched 1 | . . 1 . . . Spaces Dug 18 | . . . . . 18 Terrain Destroyed 67 | . 18 . . . 49 Melee . | . . . . . . Projectile . | . . . . . . AOE 67 | . 18 . . . 49 Terrain Rammed . | . . . . . . Walls Destroyed . | . . . . . . Machines Disabled . | . . . . . . Actions | -11 -10 -10 -10 -9 -8 --------- Run | Yrd Mat Min Exi Min Mat Total 1162 | 62 151 143 238 39 529 Wait 121 | . . 62 26 . 33 Move 931 | 43 126 79 212 38 433 Hop . | . . . . . . Pick Up 24 | 7 6 1 . . 10 Fast Attach 2 | . . . . . 2 Attach 18 | 6 2 1 . . 9 Detach 2 | . . . . . 2 Swap 6 | . 2 . . . 4 Drop 12 | 1 4 . . . 7 Fire 46 | 5 11 . . 1 29 Melee . | . . . . . . Ram . | . . . . . . Kick . | . . . . . . Crush . | . . . . . . Escape Stasis . | . . . . . . Rewire . | . . . . . . Trap . | . . . . . . Miscellaneous . | . . . . . . Route ------- -11/Scrapyard -10/Materials -10/Mines -10/Exiles -9/Mines -8/Materials History --------- Turn | Location | Event 2 | -11/Scrapyard | Met Revision 17 10 | -11/Scrapyard | Discovered new exit (range 16) 77 | -11/Scrapyard | Entered Materials 164 | -10/Materials | Discovered new exit (range 16) 176 | -10/Materials | Entered Mines 198 | -10/Mines | Learned Materials emergency access door positions 199 | -10/Mines | Learned location of Recycling (-7) 228 | -10/Mines | Deemed a non-threat by the Exiles lab entrance 228 | -10/Mines | Discovered new exit (range 5) 270 | -10/Mines | Entered Exiles 270 | -10/Exiles | Accompanied by 2 allies 293 | -10/Exiles | Met 8R-AWN 300 | -10/Exiles | Led the pair of lost Derelicts to a safe place 302 | -10/Exiles | Build established: Mutant 313 | -10/Exiles | Met EX-HEX 325 | -10/Exiles | Met EX-BIN 329 | -10/Exiles | Aligned with FarCom system 329 | -10/Exiles | Given EX-Vault access code 338 | -10/Exiles | Opened EX-Vault 348 | -10/Exiles | Warned to stay clear of 0b10 Research branches 357 | -10/Exiles | Met EX-DEC 371 | -10/Exiles | Discovered new exit (range 10) 375 | -10/Exiles | Entered Mines 387 | -9/Mines | Discovered new exit (range 8) 392 | -9/Mines | Entered Materials 392 | -8/Materials | Evolved 4 slots: Power x1, Propulsion x1, Utility x1, Weapon x1 641 | -8/Materials | Garrison activated, responded to threat 665 | -8/Materials | Core integrity fell below 50% 666 | -8/Materials | Destroyed 8 combat bots 672 | -8/Materials | Core integrity fell below 20% 679 | -8/Materials | Destroyed by G-47 Trooper with Particle Gun Last Messages --------------- U-05 Engineer builds a Wall. R-06 Scavenger collects Lgt. Armor Plating. U-05 Engineer forms the Earth. U-05 Engineer lays Concrete. K-01 Serf collects debris. L-31 Rogue knocked back. S-10 Pest knocked back. U-05 Engineer lays Concrete. U-05 Engineer builds a Wall. U-05 Engineer lays Concrete. C-30 ARC bursts open, deploying its payload. L-31 Rogue unfolds itself. G-47 Trooper unfolds itself. L-31 Rogue knocked back. G-47 Trooper destroyed. L-31 Rogue destroyed. S-10 Pest destroyed. K-01 Serf collects debris. U-05 Engineer lays Concrete. Flak Cannon destroyed. Map ----- +----------------------------------------------------+ | #?????# ## "T" # """"" #?# #??? # | | ######?????# ## #?? ??# #??"" # | | ??????????## ## #???? ????# #?""" # | | ???######## # !!!#######+####### # """ # | | ???# # !!!# # # | | ???# " + !! # + """ # | | ???# # # " """ # """ # | | #####+##### =# ! # """ """ # """ # | | ! ######## # = "" """ #? # | | #??????# # [[ %* #??######? | | """"" #??????# # = #????????? | | """""""" #??????### # # ??? | | """ """ #??????????### ? | | #??????????# #% = w | | !#??????????###u =#"T"########+########### | | ##########???????????# k*%#####??????? ?????????? | | ???????????????????### g!##??????????? "????????? | | ???????????????????# ## = #######?????"""???????? | | ???????????????????# """ #??????" ???????? | | ???????????????????# # u "T" #???????????????? | | ??????????????????## " " #???????????????? | | ??????????????????# # *% % !#??Y????????????? | | ?????????????????### gg! *[ #???????????????? | | ?????????????????#""" % [# %= #???????????????? | | ?????????????????#"G" #%[%###u####???????????????? | | ?????????????????#" "# @ #??????????????????? | | ?????????????? = #??????????????????? | | ????????? +????????????????+?? | | ???????? r #???????+??????????? | | ????????###+## ]]] #??????????????????? | | ?????????????# "" ]]! #??????????????????? | | ?????????????# "T ]] #??????????????????? | | ?????????????# "" ??????????????????? | | ?????????????#? ?????????????????? | | ?????????????? l ??????w?????????? | | ?????????????? #####???????????????? | | ?????????????# ####### gg#???????????????????? | | ?????????????# ??????? % #???????????????????? | | ?????????????# ??????? #???????????????????? | | ??????????????? ???????? #???????????????????? | | ?????????????????????????? #???????????????????? | | ?????????????????????????? #???????????????????? | | ?????????????????????????? ?????????????????????? | | ?????????????????????????????????????????????????? | | ?????????????????????????????????????????????????? | | ?????????????????????????????????????????????????? | | ?????????????????????????????????????????????????? | | ?????????????????????????????????????????????????? | | ?????????????????????????????????????????????????? | | ?????????????????????????????????????????????????? | +----------------------------------------------------+ Best States ------------- Heat Dissipation 31 Energy Generation 14 Energy Capacity 400 Matter Stores 300 Matter Capacity 300 Sight Range 18 Terrain Scan Density 10 Evasion (%) 62 Item Schematics ----------------- None Robot Schematics ------------------ None Fabricated ------------ Nothing Repaired ---------- Nothing Alien Tech Used ----------------- None Achievements -------------- None Challenges ------------ None Game ------ Seed HeatDamperCarapace Manual? 0 Play Time 00:12:12 Cumulative 94.2 hours Start 2025.08.17 @ 14:47:56 End 2025.08.19 @ 17:17:20 Sessions 1 Manual Loads 0 Difficulty Rogue Special Mode None Game No. 366 Rogue 366 Adventurer 0 Explorer 0 Win Type - Total 0 Types 0/0/0/0/0/0/0/0/0/0 Lore% 43 Gallery% 40 Achievement% 30 Wizard Run 0 Options --------- Layout 2 ASCII 0 Keyboard 0 Movement Mouse Keybinds 0 Fullscreen 2 Font 24/Smallcaps Map View 50x44 Zoom Use 0% Tactical HUD 0 Map Filters NONE Filters NONE Steam 1 RUN: 7e214cb0-41ad-4426-acc2-d6743a4ffe55